 Dungeon Crawl Stone Soup version 0.29-a0-298-g3c90f9a769 (webtiles) character file.

Game seed: 457800467719162007

44 kae the Firebug (level 3, -1/20 HPs)
             Began as a Tengu Fire Elementalist on Mar 22, 2022.
             Slain by an adder (3 damage)
             ... on level 3 of the Dungeon.
             The game lasted 00:01:13 (1979 turns).

kae the Firebug (Tengu Fire Elementalist)           Turns: 1979, Time: 00:01:13

Health: -1/20      AC:  2    Str:  8    XL:     3   Next: 60%
Magic:  1/7        EV: 16    Int: 17    God:
Gold:   66         SH:  0    Dex: 14    Spells: 0/6 levels left

rFire   . . .      SeeInvis .   m - +0 short sword
rCold   . . .      Faith    .   (no shield)
rNeg    . . .      Spirit   .   a - +0 robe
rPois   .          Reflect  .   (helmet restricted)
rElec   .          Harm     .   (no cloak)
rCorr   +          Rampage  .   (no gloves)
Will    .....                   (boots unavailable)
Stlth   ++........              (no amulet)
HPRegen 0.06/turn               e - ring of resist corrosion
MPRegen 0.10/turn               h - +4 ring of evasion

@: lethally poisoned (-1 -> -2), flying
A: beak, talons 3
a: no special abilities


You were on level 3 of the Dungeon.
You visited 1 branch of the dungeon, and saw 3 of its levels.

You collected 86 gold pieces.
You spent 20 gold pieces at shops.

Inventory:

Hand Weapons
 m - a +0 short sword (weapon)
Armour
 a - a +0 robe (worn)
Jewellery
 e - a ring of resist corrosion (left hand)
 g - an amulet of faith
 h - a +4 ring of evasion (right hand)
 l - a ring of flight
Scrolls
 d - 3 scrolls of identify
 i - a scroll of noise {unknown}
 j - 2 scrolls of teleportation
 n - a scroll of fog {unknown}
 o - a scroll of vulnerability {unknown}
Potions
 b - a potion of magic
 f - a potion of resistance {unknown}
 k - 2 potions of attraction {unknown}


   Skills:
 + Level 1.1 Fighting
 - Level 2.1 Dodging
 - Level 2.0 Stealth
 + Level 2.4 Spellcasting
 + Level 2.2 Conjurations
 * Level 4.0 Fire Magic


You couldn't memorise any spells.
You knew the following spells:

 Your Spells              Type           Power      Damage    Failure   Level
a - Foxfire               Conj/Fire      48%        2x1d6     4%          1
b - Scorch                Fire           30%        2d7       5%          2
c - Conjure Flame         Conj/Fire      12%        6-21      16%         3

Your spell library contained the following spells:

 Spells                   Type           Power      Damage    Failure   Level
 Inner Flame              Hex/Fire       8%         N/A       24%         3
 Flame Wave               Conj/Fire      12%        2d6       45%         4


Dungeon Overview and Level Annotations

Branches:
Dungeon (3/15)

Altars:

Shops:
D:2 ?


Innate Abilities, Weirdness & Mutations

You have a beak for a mouth.
You have claws for feet.


Message History

Okay, then.
There is a stone staircase leading down here.
You can't go up here!
You climb downwards.
You hear the sound of rushing water.
There is an entrance to a sewer on this level.
Hurry and find it before the portal rusts away!
You hear the slow rusting of a distant drain.
There is a stone staircase leading up here.
Casting: Foxfire (safe; 5% risk of failure)
Confirm with . or Enter, or press ? or * to list all spells.
Flames lash the adder.
The adder is moderately wounded.
The adder's fire resistance burns away.
The adder bites you. The adder bites you but does no damage.
The quokka closely misses you. The adder barely misses you.
The quokka misses you.
Casting: Scorch (safe; 5% risk of failure)
Confirm with . or Enter, or press ? or * to list all spells.
Flames lash the adder.
The adder is burned terribly!
The adder is almost dead.
The adder bites you.
You are poisoned.
The adder poisons you! The quokka bites you.
You feel sick. The adder bites you. The quokka bites you.
The adder closely misses you.
Casting: Scorch (safe; 5% risk of failure)
Confirm with . or Enter, or press ? or * to list all spells.
Flames lash the quokka.
You kill the quokka!
You feel sick. The adder misses you.
You feel sick. The adder bites you.
* * * LOW HITPOINT WARNING * * *
Casting: Scorch (safe; 5% risk of failure)
Confirm with . or Enter, or press ? or * to list all spells.
You don't have enough magic to cast this spell.
It was a potion of flight.
You feel very buoyant.
You fly up into the air.
* * * LOW HITPOINT WARNING * * *
You feel sick. The adder bites you.
You die...

##.........
...#
.......>..
....
#.........
.....
#.........
.....
#.........
.^..#.<.......
#..#.........
#...S†.......
..#.@........
#..
###...#.... #.
#......#. .
.......#
...#....
.####.. ## .


You could see an adder (combustible).

Vanquished Creatures
  2 worms (D:2)
  A dart slug (D:1)
  5 bats
  3 endoplasms
  A giant cockroach (D:1)
  A goblin (D:2)
  3 hobgoblins
  6 jackals
  3 quokkas
  2 ball pythons (D:2)
  A frilled lizard (D:1)
  A kobold (D:1)
  4 rats
33 creatures vanquished.

Vanquished Creatures (others)
  121 foxfires
121 creatures vanquished.

Grand Total: 154 creatures vanquished

Notes
Turn   | Place    | Note
-------+----------+-------------------------------------------
     0 | D:1      | kae the Tengu Fire Elementalist began the quest for the
                  | Orb.
     0 | D:1      | Reached XP level 1. HP: 10/10 MP: 4/4
   246 | D:1      | Reached XP level 2. HP: 16/16 MP: 1/6
   978 | D:2      | Found Ziuteamy's Magic Scroll Boutique.
   988 | D:2      | Bought a scroll of identify for 20 gold pieces
  1062 | D:2      | Learned a level 2 spell: Scorch
  1251 | D:2      | Reached XP level 3. HP: 19/20 MP: 4/7
  1273 | D:2      | Learned a level 3 spell: Conjure Flame
  1363 | D:2      | Reached skill level 1 in Fighting
  1561 | D:2      | Reached skill level 4 in Fire Magic
  1979 | D:3      | Slain by an adder

Illustrated notes

Levels and vault maps discovered:
D:1:      beargit_arrival_greenhouse, layout_loops_ring
D:2:      layout_basic, serial_shops, shop, minmay_ruptured
D:3:      layout_rooms, mainiacjoe_overflow_small_starburst,
          nicolae_overflow_crystal_walls, nicolae_tso_swordbearing_angel,
          portal_sewer_entry_d, guppyfry_early_lair_pool

Skill      XL: |  1  2  3 |
---------------+----------+-----
Conjurations   | 2 |  2.2
Fighting       | 1 |  1.1
Fire Magic     | 4 |  4.0
Dodging        | |  2.1
Stealth        | |  2.0
Spellcasting   | |  2.4

Action                   || total
-------------------------++-------
 Cast: Foxfire           ||    73
       Scorch            ||     4
  Use: Scroll            ||     4
       Potion            ||     1
Armor: Robe              ||     2
Dodge: Dodged            ||    21

Table legend: (Time is in decaauts)
 A = Elapsed time spent in this place.
 B = Non-inter-level travel time spent in this place.
 C = Inter-level travel time spent in this place.
 D = Time resting spent in this place.
 E = Time spent auto-exploring this place.
 F = Levels seen in this place.
 G = Mean time per level.
                   A        B        C        D        E       F      G
               +--------+--------+--------+--------+--------+-----+--------+
         Total |   1977 |   1873 |    104 |      2 |   1616 |   3 |  659.0 |
       Dungeon |   1977 |   1873 |    104 |      2 |   1616 |   3 |  659.0 |
               +--------+--------+--------+--------+--------+-----+--------+

Top non-repeatable levels by time:
     D:2: 1007 daAuts
     D:1: 957 daAuts
     D:3: 13 daAuts
